 Dungeon Crawl Stone Soup version 0.27-a0-1281-ge233d83751 (webtiles) character file.

Game seed: 3137697654763995823

1696 mandarbmax the Destroyer (level 8, 0/85 HPs)
             Began as a Green Draconian Conjurer on June 13, 2021.
             Was a Plaything of Xom.
             Slain by a killer bee (3 damage)
             ... on level 7 of the Dungeon.
             The game lasted 00:16:37 (7289 turns).

mandarbmax the Destroyer (Green Draconian Conjurer) Turns: 7289, Time: 00:16:39

Health: 0/85       AC: 28    Str: 16    XL:     8   Next: 72%
Magic:  8/11       EV:  2    Int: 19    God:    Xom [...*..]
Gold:   108        SH:  0    Dex: 11    Spells: 2/11 levels left

rFire    . . .     SeeInvis .   v - +6 great sword
rCold    . . .     Faith    .   (shield currently unavailable)
rNeg     + + +     Spirit   .   (armour unavailable)
rPois    +         Reflect  .   (helmet currently unavailable)
rElec    .         Harm     .   (cloak currently unavailable)
rCorr    .         Rampage  .   (gloves currently unavailable)
Will     .....     NoTele   +   (boots currently unavailable)
Stlth    ++........             e - amulet of magic regeneration
HPRegen  0.24/turn              h - +6 ring of strength
MPRegen  0.37/turn              s - +4 ring of protection

@: tree-form, on berserk cooldown, slowed, very slow
A: stationary, stasis, torment immunity, boosted hp, (breathe noxious fumes), AC
+6, unfitting armour, (poison resistance), (cold-blooded)
a: Renounce Religion


You were on level 7 of the Dungeon.
You worshipped Xom.
You were a favourite toy of Xom.
You were a tree.
You visited 1 branch of the dungeon, and saw 7 of its levels.

You collected 250 gold pieces.
You spent 142 gold pieces at shops.

Inventory:

Hand Weapons
 q - a +1 dagger of venom
 v - a +6 great sword (weapon)
 F - a +2 quarterstaff of chaos
Armour
 l - a +0 pair of gloves (melded)
 t - a +0 kite shield
 E - a +0 cloak (melded)
Jewellery
 e - an amulet of magic regeneration (around neck)
 f - a ring of ice
 h - a +6 ring of strength (left branch)
 p - a +4 ring of slaying
 s - a +4 ring of protection (right branch)
 w - a ring of positive energy
 y - a +4 ring of evasion
Wands
 r - a wand of paralysis (4)
 u - a wand of flame (17)
 H - a wand of digging (1)
 I - a wand of acid (12)
Scrolls
 d - a scroll of vulnerability {unknown}
 i - a scroll of enchant armour {unknown}
 n - 2 scrolls of teleportation
 o - a scroll of blinking
 x - a scroll of fear {unknown}
 A - a scroll of amnesia {unknown}
 D - a scroll of torment {unknown}
Potions
 a - 5 potions of curing {unknown}
 c - 4 potions of brilliance {unknown}
 g - a potion of heal wounds {unknown}
 j - 2 potions of mutation {unknown}
 k - 2 potions of degeneration {unknown}
 m - a potion of haste {unknown}
 B - a potion of ambrosia {unknown}
 G - a potion of flight {unknown}


   Skills:
 + Level 2.7 Dodging
 - Level 1.7 Stealth
 - Level 2.0 Spellcasting
 - Level 9.1 Conjurations
 - Level 5.0 Transmutations
 - Level 6.0 Poison Magic


You had 2 spell levels left.
You knew the following spells:

 Your Spells              Type           Power      Damage    Failure   Level
a - Magic Dart            Conj           100%       1d8       1%          1
b - Searing Ray           Conj           72%        3d6       1%          2
c - Ignite Poison         Fire/Tmut/Pois 15%        N/A       11%         3
d - Spider Form           Tmut/Pois      11%        N/A       5%          3

Your spell library contained the following spells:

 Spells                   Type           Power      Damage    Failure   Level
 Sting                    Tmut/Pois      88%        1d7       1%          1
 Beastly Appendage        Tmut           42%        N/A       2%          1
 Wereblood                Tmut           21%        N/A       3%          2
 Poisonous Vapours        Pois/Air       26%        N/A       8%          2
 Mephitic Cloud           Conj/Pois/Air  21%        N/A       6%          3
 Dazzling Flash           Conj/Hex       38%        N/A       8%          3
 Olgreb's Toxic Radiance  Pois           24%        N/A       14%         4
 Fulminant Prism          Conj/Hex       9%         3d7       26%         4
 Iskenderun's Mystic Bla  Conj/Tloc      19%        2d6       26%         4
 Ice Form                 Ice/Tmut       11%        N/A       52%         4


Dungeon Overview and Level Annotations

Branches:
Dungeon (7/15)
 Temple: D:4-7

Altars:
Dithmenos
Elyvilon
Fedhas
Kikubaaqudgha
Makhleb
Nemelex Xobeh
Wu Jian
Xom
Yredelemnul
The Shining One

Shops:
D:1 *   D:5 =


Innate Abilities, Weirdness & Mutations

You are a tree.
Your roots penetrate the ground, keeping you stationary.
You cannot be teleported.
You are immune to unholy pain and torment.
Your maximum health is greatly increased.
Your equipment is partially melded.
((You can breathe blasts of noxious fumes.))
((Your lurid green scales are hard. (AC +6)))
You cannot fit into any form of body armour.
((Your system is resistant to poisons. (rPois)))
((You are cold-blooded and may be slowed by cold attacks.))


Message History

The killer bee stings you but does no damage. x2
You closely miss the killer bee.
The killer bee is lightly wounded.
The killer bee stings you but does no damage. x3
The killer bee stings you.
* * * LOW HITPOINT WARNING * * *
The killer bee stings you but does no damage. x2
You completely miss the killer bee.
The killer bee is lightly wounded.
The killer bee stings you but does no damage. x3
The killer bee stings you.
* * * LOW HITPOINT WARNING * * *
The killer bee stings you but does no damage. x2
The killer bee barely misses you.
You riposte.
You barely miss the killer bee.
The killer bee is severely wounded.
You miss the killer bee.
The killer bee is lightly wounded.
The killer bee stings you but does no damage. x2
The killer bee stings you.
* * * LOW HITPOINT WARNING * * *
The killer bee stings you.
* * * LOW HITPOINT WARNING * * *
The killer bee stings you but does no damage. x4
You closely miss the killer bee.
The killer bee is lightly wounded.
The killer bee stings you.
* * * LOW HITPOINT WARNING * * *
The killer bee stings you.
* * * LOW HITPOINT WARNING * * *
The killer bee stings you but does no damage. x3
The killer bee stings you!
* * * LOW HITPOINT WARNING * * *
The killer bee stings you but does no damage.
You barely miss the killer bee.
The killer bee is lightly wounded.
You are no longer berserk.
You are exhausted.
You feel yourself slow down. The killer bee stings you.
You die...
Xom bursts into laughter!

#...< #..> #. #... ...
#..# .... #..# .....
#..############......
#..##........♣yy.....
##............yy......
###).....###############
##.......# ....##..##
########.## ##.# #.# #.#


You could see 4 killer bees.

Vanquished Creatures
  A wraith (D:6)
  A black bear (D:5)
  A necrophage (D:6)
  An ogre (D:6)
  2 phantoms
  A bullfrog (D:5)
  2 gnoll sergeants (D:6)
  2 scorpions
  A wyvern skeleton (D:5)
  2 killer bees (D:7)
  3 hounds
  Crazy Yiuf (D:5)
  4 jellies
  2 orc priests (D:6)
  Ijyb (D:3)
  Natasha (thrice) (D:4)
  2 orc wizards (D:6)
  2 hound skeletons
  10 gnolls
  4 adders
  An adder skeleton (D:5)
  3 dart slugs
  16 orcs
  9 ball pythons
  An endoplasm (D:1)
  3 giant cockroaches
  7 goblins
  9 hobgoblins
  2 jackals (D:2)
  A quokka (D:4)
  8 bats
  2 frilled lizards (D:1)
  8 kobolds
  8 rats
124 creatures vanquished.

Vanquished Creatures (others)
  4 orcs (D:6)
  A plant (D:6)
5 creatures vanquished.

Grand Total: 129 creatures vanquished

Notes
Turn   | Place    | Note
-------+----------+-------------------------------------------
     0 | D:1      | mandarbmax the Draconian Conjurer began the quest for the
                  | Orb.
     0 | D:1      | Reached XP level 1. HP: 14/14 MP: 3/3
   196 | D:1      | Reached XP level 2. HP: 19/20 MP: 0/5
   283 | D:1      | Found Plog's Assorted Antiques.
   287 | D:1      | Learned a level 2 spell: Searing Ray
   448 | D:1      | Found a faded altar of an unknown god.
   789 | D:1      | Reached skill level 5 in Conjurations
  1025 | D:2      | Reached XP level 3. HP: 26/26 MP: 3/6
  2661 | D:3      | Found a glowing golden altar of the Shining One.
  2774 | D:3      | Reached XP level 4. HP: 33/33 MP: 3/7
  3019 | D:3      | Found a white marble altar of Elyvilon.
  3019 | D:3      | Found a burning altar of Makhleb.
  3024 | D:3      | Found a shimmering altar of Xom.
  3027 | D:3      | Found an ornate altar of the Wu Jian Council.
  3028 | D:3      | Found a blossoming altar of Fedhas.
  3144 | D:3      | Noticed Ijyb
  3147 | D:3      | Paralysed by Ijyb for 5 turns
  3154 | D:3      | Paralysed by Ijyb for 4 turns
  3158 | D:3      | Killed Ijyb
  3159 | D:3      | Reached skill level 6 in Conjurations
  3456 | D:4      | Noticed a scorpion
  3464 | D:3      | Reached XP level 5. HP: 32/38 MP: 5/8
  3602 | D:4      | Reached skill level 7 in Conjurations
  3909 | D:4      | Reached XP level 6. HP: 45/45 MP: 5/9
  4143 | D:4      | Noticed Natasha
  4146 | D:4      | Killed Natasha
  4149 | D:4      | Noticed Natasha
  4155 | D:4      | Killed Natasha
  4238 | D:5      | Entered Level 5 of the Dungeon
  4250 | D:5      | Reached skill level 8 in Conjurations
  4352 | D:5      | Your scales start taking on a lurid green colour.
  4352 | D:5      | Reached XP level 7. HP: 50/50 MP: 5/10
  4352 | D:5      | Gained mutation: Your system is resistant to poisons.
                  | (rPois) [Green Draconian growth]
  4471 | D:3      | Became a worshipper of Xom of Chaos
  4561 | D:4      | Noticed Natasha
  4564 | D:4      | Killed Natasha
  4736 | D:5      | Reached skill level 9 in Conjurations
  4749 | D:5      | Found Cyvaex's Jewellery Shoppe.
  4809 | D:4      | XOM: divination: detect creatures
  4852 | D:1      | Bought a scroll labelled RASOABU ADGHEO for 18 gold pieces
  4852 | D:1      | Bought a ruby ring for 90 gold pieces
  4852 | D:1      | Bought a puce potion for 16 gold pieces
  4852 | D:1      | Bought a scroll labelled MUTHRU MURAO for 18 gold pieces
  4897 | D:4      | XOM: silly message
  5115 | D:5      | XOM: silly message
  5353 | D:5      | XOM: divination: magic mapping
  5477 | D:5      | XOM: silly message
  5547 | D:5      | Learned a level 3 spell: Ignite Poison
  5611 | D:5      | Found a runed translucent door.
  5612 | D:5      | Noticed Crazy Yiuf
  5737 | D:5      | Killed Crazy Yiuf
  5738 | D:5      | Reached skill level 1 in Poison Magic
  5910 | D:6      | Learned a level 3 spell: Spider Form
  5928 | D:6      | XOM: silly message
  5981 | D:6      | Reached skill level 5 in Poison Magic
  5981 | D:6      | Reached XP level 8. HP: 57/57 MP: 2/11
  6026 | D:6      | Reached skill level 1 in Transmutations
  6737 | D:6      | Found a sparkling altar of Nemelex Xobeh.
  6740 | D:6      | Found a basalt altar of Yredelemnul.
  6742 | D:6      | Found an ancient bone altar of Kikubaaqudgha.
  6773 | D:6      | XOM: noise
  6912 | D:6      | XOM is BORED!
  6912 | D:6      | XOM: noise
  6919 | D:6      | XOM: noise
  7172 | D:7      | Found a shadowy altar of Dithmenos.
  7179 | D:7      | Reached skill level 5 in Transmutations
  7263 | D:7      | XOM: noise
  7288 | D:7      | HP: 4/127 [killer bee (7)]
  7289 | D:7      | Slain by a killer bee

Illustrated notes

Levels and vault maps discovered:
D:1:      dpeg_arrival_tiny_i, layout_rooms, serial_shops, nicolae_shop_stone,
          ebering_ecumenical_altar_box, serial_corexii_hall,
          corexii_hall_statues_i, chequers_hall_statues_wall_a,
          minmay_misc_feat_alley
D:2:      layout_basic, roderic_roman_lattice, minmay_cupped
D:3:      layout_loops_ring, tso_altar, chequers_temple_overflow_minitemple,
          uniq_ijyb
D:4:      layout_rooms, uniq_natasha
D:5:      layout_layer_cave, serial_shops, nicolae_shop_statue_plus,
          uniq_crazy_yiuf_cottage
D:6:      layout_rooms, grunt_temple_overflow_diamond,
          hangedman_abyss_or_decor_stagger, serial_bayou_pond_b,
          lemuel_flame_loot_1
D:7:      minmay_spotlight, layout_layer_cave, grunt_dithmenos_shadows,
          zin_scriptorium, minmay_temple_entry_glass, uniq_joseph

Skill      XL: |  1  2  3  4  5  6  7  8 |
---------------+-------------------------+-----
Conjurations   | 5 6 7 8 9 |  9.1
Dodging        | 2 |  2.7
Poison Magic   | 5 6 |  6.0
Transmutations | 5 |  5.0
Stealth        | |  1.7
Spellcasting   | |  2.0

Action                   |  1- 3 |  4- 6 |  7- 9 || total
-------------------------+-------+-------+-------++-------
Melee: Unarmed           |    29 |       |    29 ||    58
       Dagger            |       |     6 |       ||     6
       Tailslap          |       |     2 |     1 ||     3
       Great sword       |       |       |    25 ||    25
 Cast: Magic Dart        |    81 |    45 |    19 ||   145
       Searing Ray       |     4 |    14 |    22 ||    40
       Ignite Poison     |       |       |     7 ||     7
       Spider Form       |       |       |     4 ||     4
 Abil: Breathe Noxious F |       |       |    14 ||    14
Evoke: Wand              |       |       |     4 ||     4
  Use: Scroll            |       |     2 |     4 ||     6
       Potion            |       |       |     2 ||     2
 Stab: Sleeping          |       |     1 |     1 ||     2
Armor: Skin              |    25 |     7 |    86 ||   118
Dodge: Dodged            |    23 |    11 |    51 ||    85
       Rpst.: Great sword |       |       |    10 ||    10

Table legend: (Time is in decaauts)
 A = Elapsed time spent in this place.
 B = Non-inter-level travel time spent in this place.
 C = Inter-level travel time spent in this place.
 D = Time resting spent in this place.
 E = Time spent auto-exploring this place.
 F = Levels seen in this place.
 G = Mean time per level.
                   A        B        C        D        E       F      G
               +--------+--------+--------+--------+--------+-----+--------+
         Total |   7334 |   6737 |    597 |   1751 |   4226 |   7 | 1047.7 |
       Dungeon |   7334 |   6737 |    597 |   1751 |   4226 |   7 | 1047.7 |
               +--------+--------+--------+--------+--------+-----+--------+

Top non-repeatable levels by time:
     D:2: 1659 daAuts
     D:6: 1313 daAuts
     D:5: 1252 daAuts
     D:3: 1060 daAuts
     D:1: 1036 daAuts
     D:4: 877 daAuts
     D:7: 134 daAuts
